 Dungeon Crawl Stone Soup version 0.18-a0-1788-g92de1ac (webtiles) character file.

267 Mefis the Covert (level 6, -2/30 HPs)
             Began as a Spriggan Assassin on Apr 20, 2016.
             Killed from afar by an orc wizard (4 damage)
             ... with a magic dart
             ... on level 3 of the Dungeon.
             The game lasted 00:13:20 (1900 turns).

Mefis the Covert (Spriggan Assassin)                Turns: 1900, Time: 00:13:20

Health: -2/30      AC:  3    Str:  7    XL:     6   Next: 0%
Magic:  7/7        EV: 20    Int: 13    God:
Gold:   114        SH:  0    Dex: 19    Spells: 0 memorised, 5 levels left

rFire  . . .     SeeInvis +     k - +0 dagger (venom)
rCold  . . .     Gourm    .     h - +0 robe {MR+}
rNeg   . . .     Faith    .     (shield restricted)
rPois  +         Spirit   .     (helmet restricted)
rElec  .         Dismiss  .     d - +0 cloak
rCorr  .         Reflect  .     (gloves unavailable)
SustAt .         Harm     .     (boots unavailable)
MR     ++...                    (no amulet)
Stlth  +++++.....               (no ring)
                                u - ring of poison resistance

@: very slightly contaminated, hasted, very quick, very resistant to hostile
enchantments, quite stealthy
A: unfitting armour, see invisible, herbivore 3, speed 3, slow metabolism 2
a: no special abilities


You were on level 3 of the Dungeon.
You were not hungry.

You visited 1 branch of the dungeon, and saw 3 of its levels.

You collected 114 gold pieces.

Inventory:

Hand Weapons
 a - a +2 dagger
 b - a +0 blowgun (quivered)
 i - a +1 dagger of flaming
 k - a +0 dagger of venom (weapon)
 p - a +0 hunting sling
 q - a +3 dagger of protection
Missiles
 e - 6 poisoned needles
 f - 2 curare-tipped needles
Armour
 d - a +0 cloak (worn)
 h - a +0 robe of magic resistance (worn)
Magical Staves
 o - an uncursed staff of earth {unknown}
Jewellery
 u - a ring of poison resistance (left hand)
Scrolls
 l - 4 scrolls of identify
 m - a scroll of immolation {unknown}
 n - a scroll of teleportation {unknown}
 r - 2 scrolls of noise {unknown}
 s - a scroll of magic mapping {unknown}
 t - a scroll of amnesia {unknown}
Comestibles
 c - a meat ration
 g - 3 bread rations


   Skills:
 + Level 2.2 Fighting
 + Level 2.6 Short Blades
 + Level 2.9 Throwing
 + Level 4.0 Dodging
 + Level 8.9 Stealth


You had 5 spell levels left.
You didn't know any spells.

Dungeon Overview and Level Annotations

Branches:
Dungeon (3/15)

Altars:


Innate Abilities, Weirdness & Mutations

You are tiny and cannot use many weapons and most armour.
You have supernaturally acute eyesight.
You are a herbivore.
You cover ground extremely quickly.
You need consume almost no food.


Message History

Beogh smites you!
* * * LOW HITPOINT WARNING * * *
The orc priest calls upon Beogh to heal the orc wizard.
The orc wizard's wounds heal themselves!
You kill the orc priest!
Your Dodging skill increases to level 4!
You have reached level 6!
Your experience leads to an increase in your attributes!
Increase (S)trength, (I)ntelligence, or (D)exterity?
You feel agile.
You see here 4 gold pieces.
Drink which item? (? for menu, Esc to quit)
It was a potion of haste.
You feel yourself speed up. The orc wizard misses you.
You are very lightly contaminated with residual magic.
The orc wizard mumbles some strange words.
The orc wizard seems to speed up.
The orc wizard gestures at you while chanting.
The magic dart hits you!
You die...

... ... #.# ##$####
#.#####...... #
#####....#..###.##.#
.............##....#
...$.#.#.....##..#
#####............####...
........................
......#.####.###@####..
.##..)o...............#
.###..#..<###....####.#
......#....o..##.#
#####.#.....o.##.#
#...#.#.....o.##..
#.#.#.#.#<.$..#####
#...<...#######
#.#.###.#


You could see 2 orc wizards and an orc.

Vanquished Creatures
  Sigmund (D:2)
  An orc priest (D:3)
  3 adders (D:2)
  2 oozes (D:1)
  An orc (D:3)
  2 giant cockroaches (D:1)
  6 goblins
  7 hobgoblins
  3 jackals (D:1)
  A ball python (D:1)
  5 bats
  2 giant newts (D:1)
  7 kobolds
  4 rats (D:1)
45 creatures vanquished.

Notes
Turn   | Place    | Note
--------------------------------------------------------------
     0 | D:1      | Mefis the Spriggan Assassin began the quest for the Orb.
     0 | D:1      | Reached XP level 1. HP: 10/10 MP: 2/2
     7 | D:1      | Reached skill level 6 in Stealth
   172 | D:1      | Reached XP level 2. HP: 14/14 MP: 3/3
   685 | D:1      | Reached XP level 3. HP: 6/18 MP: 4/4
   688 | D:1      | Reached skill level 7 in Stealth
  1513 | D:2      | Reached XP level 4. HP: 21/23 MP: 5/5
  1681 | D:2      | Noticed Sigmund
  1687 | D:2      | Killed Sigmund
  1687 | D:2      | Reached skill level 8 in Stealth
  1687 | D:2      | Reached XP level 5. HP: 26/26 MP: 6/6
  1889 | D:3      | HP: 1/26 [orc priest/divine providence (10)]
  1893 | D:3      | Reached XP level 6. HP: 1/30 MP: 7/7
  1900 | D:3      | Killed from afar by an orc wizard

Vault maps used:
D:1:      dpeg_arrival_tiny_g, minmay_misc_feat_room, hangedman_decor_push,
          nrook_uturn
D:2:      uniq_sigmund
D:3:      lemuel_crystal_altar, hex_intersection

Skill      XL: |  1  2  3  4  5 |
---------------+----------------+-----
Stealth        | 6 7 8 |  8.9
Dodging        | 2 3 4 |  4.0
Fighting       | 2 |  2.2
Short Blades   | |  2.6
Throwing       | |  2.9

Action                   |  1- 3 |  4- 6 || total
-------------------------+-------+-------++-------
Melee: Dagger            |   102 |    12 ||   114
 Fire: Blowgun           |    10 |     6 ||    16
  Use: Scroll            |     1 |       ||     1
       Potion            |       |     2 ||     2
 Stab: Sleeping          |    16 |     1 ||    17
Armor: Robe              |    17 |     1 ||    18
Dodge: Dodged            |    62 |    17 ||    79
